 Dungeon Crawl Stone Soup version 0.18.1-48-g4cf74bf (webtiles) character file.

2036 Crag the Protected (level 9, -3/75 HPs)
             Began as a Hill Orc Fighter on July 20, 2016.
             Was an Initiate of Gozag.
             Slain by a worker ant (5 damage)
             ... on level 8 of the Dungeon.
             The game lasted 00:13:57 (5539 turns).

Crag the Protected (Hill Orc Fighter)               Turns: 5539, Time: 00:13:57

Health: -3/75      AC:  1    Str: 21    XL:     9   Next: 24%
Magic:  9/9        EV:  4    Int:  8    God:    Gozag
Gold:   535        SH:  9    Dex: 11    Spells: 0 memorised, 8 levels left

rFire  + . .     SeeInvis .     a - +0 war axe
rCold  + . .     Gourm    .     B - +1 plate armour
rNeg   . . .     Faith    .     c - +0 shield
rPois  +         Spirit   .     (helmet restricted)
rElec  +         Dismiss  .     t - +0 cloak
rCorr  +         Reflect  .     (no gloves)
SustAt .         Harm     .     (no boots)
MR     .....     Clarity  +     (no amulet)
Stlth  ..........               (no ring)
                                (no ring)

@: lethally poisoned (-3 -> -7), resistant, corroded, not resistant to hostile
enchantments, extremely unstealthy
A: horns 1, clarity, wild magic 1
a: Potion Petition, Call Merchant, Bribe Branch, Renounce Religion


You were on level 8 of the Dungeon.
You worshipped Gozag.
Gozag was noncommittal.
You were not hungry.

You visited 1 branch of the dungeon, and saw 8 of its levels.

You collected 598 gold pieces.
You paid 63 gold pieces to Gozag.

Inventory:

Hand Weapons
 a - a +0 war axe (weapon)
Armour
 b - a +0 scale mail
 c - a +0 shield (worn)
 i - a +0 helmet
 t - a +0 cloak (worn)
 x - a +0 helmet
 B - a +1 plate armour (worn)
Wands
 u - a wand of iceblast (14/15)
 A - a wand of hasting (2/9)
Scrolls
 e - 6 scrolls of identify
 h - 2 scrolls of enchant weapon
 j - 3 scrolls of remove curse
 k - 2 scrolls of recharging
 n - 2 scrolls of enchant armour
 r - 3 scrolls of blinking
Potions
 d - a potion of might
 g - a potion of agility {unknown}
 l - a potion of resistance
 m - 2 potions of curing {unknown}
 p - a potion of flight {unknown}
 q - 3 potions of mutation
 s - a potion of cure mutation {unknown}
 v - a potion of ambrosia {unknown}
 w - a potion of berserk rage {unknown}
Books
 y - a Necronomicon

   Spells                             Type                      Level
   a - Haunt                          Necromancy/Summoning         7
   b - Borgnjor's Revivification      Necromancy                   8
   c - Death's Door                   Charms/Necromancy            8
   d - Necromutation                  Transmutation/Necromancy     8
Comestibles
 f - 4 bread rations
 o - 3 beef jerkies
 z - 7 meat rations
 C - 7 slices of pizza


   Skills:
 - Level 5.8 Fighting
 - Level 8.6 Axes
 + Level 10.6 Armour
 - Level 3.2 Shields


You had 8 spell levels left.
You didn't know any spells.

Dungeon Overview and Level Annotations

Branches:
Dungeon (8/15)             Temple (0/1) D:5
   Lair: D:8-11

Altars:
Dithmenos
Elyvilon
Fedhas
Gozag
Nemelex Xobeh
Trog
The Shining One


Innate Abilities, Weirdness & Mutations

You have a pair of small horns on your head.
You possess an exceptional clarity of mind.
Your spells are a little harder to cast, but a little more powerful.


Message History

You feel less in control of your magic. A pair of horns grows on your head!
Your +0 helmet falls away!
Your thoughts seem clearer.
You block the worker ant's attack.
You closely miss the worker ant.
The worker ant is heavily wounded.
You block the worker ant's attack.
You barely miss the worker ant. Your headbutt misses the worker ant.
The worker ant is heavily wounded.
The worker ant bites you.
* * * LOW HITPOINT WARNING * * *
You are lethally poisoned!
The worker ant poisons you!
Drink which item? (? for menu, Esc to quit)
It was a potion of resistance.
You feel protected.
* * * LOW HITPOINT WARNING * * *
You feel sick. The worker ant bites you.
You die...
Your body crumbles into a pile of gold.

. .### #.. #.#
#######.##
.........##
#.......##
######....$(..##.#
.......@..$......#
######.a$.....####
#.......##
###....## #.#.##
#>#.# (.#.# .....#


You could see a worker ant.

Vanquished Creatures
  2 hogs (D:7)
  A human (D:7)
  A necrophage (D:6)
  An ogre (D:4)
  A phantom (D:6)
  2 centaurs
  A big kobold (D:7)
  4 giant frogs
  A scorpion (D:6)
  A crimson imp (D:6)
  A giant frog zombie (D:6)
  A quasit (D:6)
  2 gnoll shamans
  3 jellies
  A hound (D:4)
  A giant frog skeleton (D:5)
  3 iguanas
  An orc wizard (D:5)
  3 worker ants
  A killer bee zombie (D:6)
  2 sheep (D:7)
  A hound zombie (D:5)
  2 hound skeletons
  7 gnolls
  5 adders
  A shadow imp (D:7)
  An ooze (D:2)
  An adder skeleton (D:4)
  5 worms
  10 dart slugs
  2 giant geckos (D:1)
  15 orcs
  A ball python (D:1)
  5 giant cockroaches
  7 hobgoblins
  8 jackals
  2 quokkas
  7 bats
  5 giant newts
  11 goblins
  16 kobolds
  9 rats
155 creatures vanquished.

Notes
Turn   | Place    | Note
--------------------------------------------------------------
     0 | D:1      | Crag the Hill Orc Fighter began the quest for the Orb.
     0 | D:1      | Reached XP level 1. HP: 19/19 MP: 1/1
    86 | D:1      | Reached XP level 2. HP: 24/26 MP: 2/2
   268 | D:1      | Reached XP level 3. HP: 31/31 MP: 3/3
   558 | D:2      | Found a shadowy altar of Dithmenos.
   583 | D:2      | Reached skill level 5 in Axes
   845 | D:2      | Found a bloodstained altar of Trog.
   986 | D:2      | Reached XP level 4. HP: 39/39 MP: 4/4
  1462 | D:3      | Reached XP level 5. HP: 45/45 MP: 5/5
  1805 | D:3      | Reached XP level 6. HP: 39/51 MP: 6/6
  3014 | D:5      | Entered Level 5 of the Dungeon
  3031 | D:5      | Found a glowing golden altar of the Shining One.
  3034 | D:5      | Found a blossoming altar of Fedhas.
  3040 | D:5      | Found a sparkling altar of Nemelex Xobeh.
  3040 | D:5      | Found a white marble altar of Elyvilon.
  3043 | D:5      | Found an opulent altar of Gozag.
  3051 | D:5      | Became a worshipper of Gozag Ym Sagoz the Greedy
  3096 | D:5      | Reached skill level 5 in Fighting
  3166 | D:5      | Reached XP level 7. HP: 48/62 MP: 7/7
  3294 | D:5      | Reached skill level 4 in Armour
  3472 | D:5      | Found a staircase to the Ecumenical Temple.
  3796 | D:6      | Reached skill level 5 in Armour
  3968 | D:6      | Reached skill level 6 in Armour
  4074 | D:6      | Reached XP level 8. HP: 62/70 MP: 8/8
  4248 | D:6      | Reached skill level 7 in Armour
  4413 | D:6      | Reached skill level 8 in Armour
  4829 | D:7      | Reached skill level 9 in Armour
  4832 | D:7      | Reached XP level 9. HP: 41/75 MP: 9/9
  4842 | D:7      | Reached skill level 10 in Armour
  5536 | D:8      | Gained mutation: Your spells are a little harder to cast, but a little more powerful. [potion of mutation]
  5536 | D:8      | Gained mutation: You have a pair of small horns on your head. [potion of mutation]
  5536 | D:8      | Gained mutation: You possess an exceptional clarity of mind. [potion of mutation]
  5538 | D:8      | HP: 3/75 [worker ant (4)]
  5539 | D:8      | Slain by a worker ant

Skill      XL: |  1  2  3  4  5  6  7  8  9 |
---------------+----------------------------+-----
Axes           | 3 4 5 6 8 |  8.6
Fighting       | 5 |  5.8
Armour         | 6 9 10 | 10.6
Shields        | |  3.2

Action                   |  1- 3 |  4- 6 |  7- 9 || total
-------------------------+-------+-------+-------++-------
Melee: War axe           |   126 |   251 |   259 ||   636
  Use: Scroll            |       |       |     8 ||     8
       Potion            |       |       |     2 ||     2
  Eat: Chunk             |     1 |     7 |       ||     8
       Fruit             |       |       |     4 ||     4
       Beef jerky        |       |       |     1 ||     1
       Bread ration      |       |       |     1 ||     1
Armor: Scale mail        |    71 |    78 |     7 ||   156
       Plate armour      |       |       |   178 ||   178
Dodge: Dodged            |    40 |    79 |    41 ||   160
Block: Shield            |    71 |   127 |   127 ||   325
